 Dungeon Crawl Stone Soup version 0.32-a0-909-gc671339a80 (webtiles) character file.

Game seed: 12057351676204486970

1617 adelrune the Martial Artist (level 8, 0/57 (61) HPs)
             Began as a Merfolk Shapeshifter on Apr 6, 2024.
             Was an Initiate of Ru.
             Slain by Jeremiah
             ... wielding a +2 trident of draining
              (8 damage)
             ... on level 7 of the Dungeon.
             The game lasted 00:16:33 (5605 turns).

adelrune the Martial Artist (Merfolk Shapeshifter)  Turns: 5605, Time: 00:16:33

HP:   0/57 (61)     AC:  1    Str: 14    XL:     8   Next: 96%
MP:   8/8           EV: 20    Int:  9    God:    Ru [......]
Gold: 321           SH:  0    Dex: 22    Spells: 7/7 levels left

rFire   . .          .
                       - Unarmed
rCold   . . .        (shield currently unavailable)
rNeg    . . .        C - melded +2 robe {rC+}
rPois   .            (no helmet)
rElec   .            z - +0 cloak
rCorr   .            (no gloves)
SInv    .            (no boots)
Will    .....        n - amulet of the acrobat
Stlth   +            m - +4 ring of slaying
HPRegen 0.29/turn    G - +6 ring of dexterity
MPRegen 0.11/turn

%: acrobat
@: flux-form, glowing, drained
A: glow, contaminating, (nimble swimmer 2), mertail
a: Begin Untransformation, Renounce Religion, Sacrifice Resistance, Sacrifice
Love, Sacrifice Drink, Reject Sacrifices


You were on level 7 of the Dungeon.
You worshipped Ru.
Ru was noncommittal.
You were something dangerously unstable.
You visited 1 branch of the dungeon, and saw 7 of its levels.

You collected 321 gold pieces.

Inventory:

Hand Weapons
 a - a +0 sling
Missiles
 w - a throwing net (quivered)
Armour
 b - a +1 hat
 h - a +0 animal skin
 z - a +0 cloak (worn)
 A - a +0 ring mail
 C - a +2 robe of cold resistance (melded)
 D - a +0 pair of gloves
Jewellery
 m - a +4 ring of slaying (left hand)
 n - an amulet of the acrobat (around neck)
 F - a ring of wizardry
 G - a +6 ring of dexterity (right hand)
Talismans
 c - a beast talisman
 d - a flux talisman (active)
 B - a serpent talisman
Scrolls
 e - a scroll of fog {unknown}
 f - 3 scrolls of poison
 g - 2 scrolls of identify
 j - 3 scrolls of teleportation
 p - a scroll of noise {unknown}
 u - a scroll of vulnerability {unknown}
 v - a scroll of blinking {unknown}
 x - 2 scrolls of brand weapon {unknown}
 y - a scroll of silence {unknown}
 E - 2 scrolls of fear {unknown}
 H - a scroll of amnesia {unknown}
 I - a scroll of immolation {unknown}
Potions
 i - a potion of enlightenment {unknown}
 k - a potion of invisibility {unknown}
 l - 3 potions of mutation
 o - a potion of might {unknown}
 q - a potion of attraction {unknown}
 r - 3 potions of cancellation
 s - a potion of curing {unknown}
 t - a potion of degeneration {unknown}


   Skills:
 - Level 4.8 Fighting
 - Level 1.0 Ranged Weapons
 - Level 6.4 Dodging
 + Level 2.6 Stealth
 - Level 8.2 Unarmed Combat
 - Level 7.1 Shapeshifting


You had 7 spell levels left.
You didn't know any spells.
Your spell library was empty.

Dungeon Overview and Level Annotations

Branches:
Dungeon (7/15)
 Temple: D:4-7

Altars:
Gozag
Hepliaklqana
Kikubaaqudgha
Makhleb
Ru
Trog
Uskayaw

Shops:
D:5 :

Annotations:
D:7 Jeremiah


Innate Abilities, Weirdness & Mutations

You are something dangerously unstable.
You glow with magical radiation, making you easy to see and hit.
Foes you strike become dangerously contaminated with magical radiation.
You are incapable of wielding weapons or throwing items.
((You are very nimble when in or above water. (Stealth+, EV+, Speed+++)))
Your lower body shifts to a powerful aquatic tail in water.


Message History

There is a stone staircase leading up here.
Found a war axe.
Jeremiah, Barachi Dreamer comes into view.
They are wielding a +2 trident of draining and wearing an orb of mayhem.
Unknown command.
Jeremiah shouts!
There is a stone staircase leading up here.
The butterfly disappears in a burst of colours!
The butterfly disappears in a burst of colours!
Jeremiah mumbles a slurred invocation.
Something smites you!
You closely miss Jeremiah.
Jeremiah lets out a twisted cry.
Something smites you!
You hit Jeremiah.
Jeremiah begins to glow.
Jeremiah is lightly wounded.
You barely miss Jeremiah.
Jeremiah is lightly wounded.
Jeremiah sobs, "I don't want it.
Make it stop!
Make it stop!"
Jeremiah hits you with a +2 trident of draining!
You feel drained.
You hit Jeremiah.
Jeremiah glows dangerously bright.
Jeremiah is lightly wounded.
Jeremiah misses you.
You hit Jeremiah but do no damage.
Jeremiah shudders as magic cascades through them!
Jeremiah twists and deforms.
Jeremiah is heavily wounded.
Jeremiah hits you with a +2 trident of draining!
* * * LOW HITPOINT WARNING * * *
You feel drained.
* * * LOW HITPOINT WARNING * * *
You completely miss Jeremiah.
Jeremiah is heavily wounded.
Jeremiah misses you.
You hit Jeremiah.
Jeremiah begins to glow.
Jeremiah is heavily wounded.
Jeremiah hits you with a +2 trident of draining!
You die...
Jeremiah asks, "Is it over?
Can I wake up now?"
Ru respects your ultimate sacrifice.

. ..# )
##.######
#........<#
#.##.####.#
#.......#.#
...##.#b#
#.##.#p#
#..bbFb#
###.###bbb###
Fb......#b......
.##b###.b.###...
.:..# . .#....#
..#....# ..
##...#


You could see Jeremiah (contam, misshapen).

Vanquished Creatures
  Grinder (D:5)
  Sigmund (D:3)
  Duvessa (D:6)
  An ice beast (D:6)
  A black bear (D:5)
  Blork the orc (D:5)
  Dowan (D:6)
  A howler monkey (D:6)
  2 bombardier beetles
  4 hounds
  A jelly (D:4)
  2 orc priests (D:3)
  4 sleepcaps (D:5)
  5 iguanas
  2 orc wizards (D:6)
  7 gnolls
  9 adders
  4 white imps
  3 dart slugs
  A ribbon worm (D:4)
  9 orcs
  2 bats
  4 endoplasms
  3 giant cockroaches
  5 goblins
  8 hobgoblins
  2 quokkas
  10 ball pythons
  3 frilled lizards
  3 kobolds
  8 rats
109 creatures vanquished.

Notes
Turn   | Place    | Note
-------+----------+-------------------------------------------
     0 | D:1      | adelrune the Merfolk Shapeshifter began the quest for the
                  | Orb.
     0 | D:1      | Reached XP level 1. HP: 15/15 MP: 1/1
   318 | D:1      | Reached XP level 2. HP: 17/21 MP: 2/2
   980 | D:2      | Reached skill level 4 in Unarmed Combat
   980 | D:2      | Reached XP level 3. HP: 19/26 MP: 3/3
  1549 | D:2      | Reached XP level 4. HP: 20/32 MP: 4/4
  1847 | D:3      | Reached skill level 1 in Ranged Weapons
  1849 | D:3      | Noticed Sigmund
  1856 | D:3      | Killed Sigmund
  1857 | D:3      | Reached skill level 5 in Unarmed Combat
  1857 | D:3      | Reached skill level 5 in Shapeshifting
  1857 | D:3      | Reached XP level 5. HP: 32/38 MP: 5/5
  1857 | D:3      | Reached XP level 6. HP: 37/44 MP: 6/6
  2198 | D:3      | Found a faded altar of an unknown god.
  2264 | D:3      | Prayed at the altar of an unknown god.
  2264 | D:3      | Became a worshipper of Ru the Awakened
  3126 | D:4      | Reached skill level 6 in Unarmed Combat
  3126 | D:4      | Reached XP level 7. HP: 51/51 MP: 7/7
  3315 | D:4      | Found a bloodstained altar of Trog.
  3658 | D:5      | Entered Level 5 of the Dungeon
  3759 | D:5      | Identified the +6 great sword "Saxaenn" {holy, rElec rN+
                  | Str+6 Dex-5}
  3759 | D:5      | Noticed Blork the orc
  3774 | D:5      | Killed Blork the orc
  3868 | D:5      | Reached skill level 5 in Dodging
  4073 | D:5      | Reached skill level 7 in Unarmed Combat
  4078 | D:5      | Reached XP level 8. HP: 60/60 MP: 8/8
  4370 | D:5      | Found Usinloecs's Tremendous Tomes.
  4391 | D:5      | Found an opulent altar of Gozag.
  4418 | D:5      | Noticed Grinder
  4429 | D:5      | Paralysed by Grinder for 2 turns
  4440 | D:5      | Killed Grinder
  4766 | D:6      | Found a hazy altar of Hepliaklqana.
  4895 | D:6      | Found a hide-covered altar of Uskayaw.
  4948 | D:6      | Noticed Duvessa
  4948 | D:6      | Noticed Dowan
  4959 | D:6      | Killed Duvessa
  4960 | D:6      | Reached skill level 8 in Unarmed Combat
  4981 | D:6      | Killed Dowan
  5114 | D:6      | Found an ancient bone altar of Kikubaaqudgha.
  5114 | D:6      | Found a sacrificial altar of Ru.
  5130 | D:6      | Reached skill level 1 in Stealth
  5287 | D:6      | Found a burning altar of Makhleb.
  5583 | D:7      | Noticed Jeremiah
  5605 | D:7      | Slain by Jeremiah

Illustrated notes

Levels and vault maps discovered:
D:1:      nicolae_arrival_washed_ashore, layout_loops_cross, minivault_27
D:2:      layout_basic, st_stairs_11
D:3:      layout_basic, shapermc_ecumenical_altar_mp_ritualfount,
          minmay_misc_feat_more_columns, uniq_sigmund
D:4:      layout_basic, bloody_trog, minmay_misc_feat_rows
D:5:      layout_loops_ring, grunt_gozag_statues, st_stairs_6,
          nicolae_shop_i_like_big_books, hellmonk_no_cap, uniq_blork_the_orc,
          uniq_grinder
D:6:      layout_basic, mainiacjoe_overflow_boulevard,
          chequers_temple_overflow_statue_of_worship, lemuel_tele_altar,
          uniq_duvessa
D:7:      layout_loops_cross, pdpol_wu_jian_five_deadly_venoms,
          minmay_temple_entry_tees, ebering_ghost_reflecting_pool, uniq_pikel,
          uniq_jeremiah, uniq_menkaure, uniq_maggie

Skill      XL: |  1  2  3  4  5  6  7  8 |
---------------+-------------------------+-----
Unarmed Combat | 4 5 6 7 8 |  8.2
Ranged Weapons | 1 |  1.0
Fighting       | 2 3 4 |  4.8
Dodging        | 3 4 5 6 |  6.4
Shapeshifting  | 5 6 7 |  7.1
Stealth        | 2 |  2.6

Action                     |  1- 3 |  4- 6 |  7- 9 || total
---------------------------+-------+-------+-------++-------
  Melee: Unarmed           |    21 |    25 |   113 ||   159
         Punch             |     1 |       |     3 ||     4
   Fire: Sling             |    45 |    52 |    72 ||   169
    Use: Scroll            |       |       |     4 ||     4
         Potion            |       |       |     1 ||     1
 Armour: Animal skin       |    14 |     5 |       ||    19
         Ring mail         |       |     2 |       ||     2
         Robe              |       |     1 |    34 ||    35
         Skin              |       |       |    18 ||    18
  Dodge: Dodged            |    11 |    15 |    72 ||    98
         Form:             |       |     1 |       ||     1
         Beast             |       |     1 |       ||     1
         Flux              |       |       |     1 ||     1

Table legend: (Time is in decaauts)
 A = Elapsed time spent in this place.
 B = Non-inter-level travel time spent in this place.
 C = Inter-level travel time spent in this place.
 D = Time resting spent in this place.
 E = Time spent auto-exploring this place.
 F = Levels seen in this place.
 G = Mean time per level.
                   A        B        C        D        E       F      G
               +--------+--------+--------+--------+--------+-----+--------+
         Total |   5612 |   5385 |    227 |    858 |   3487 |   7 |  801.7 |
       Dungeon |   5612 |   5385 |    227 |    858 |   3487 |   7 |  801.7 |
               +--------+--------+--------+--------+--------+-----+--------+

Top non-repeatable levels by time:
     D:5: 1100 daAuts
     D:3: 1017 daAuts
     D:2: 997 daAuts
     D:1: 892 daAuts
     D:6: 803 daAuts
     D:4: 771 daAuts
     D:7: 29 daAuts
